 Dungeon Crawl Stone Soup version 0.30-b1-2-g02819fbbbe (webtiles) character file.

Game seed: 15378340648959941326

(classic levelgen) 583 EnegeticOcto the Chopper (level 7, 0/61 HPs)
             Began as a Minotaur Fighter on May 9, 2023.
             Succumbed to a scorpion's poison
             ... on level 4 of the Dungeon.
             The game lasted 00:01:32 (2843 turns).

EnegeticOcto the Chopper (Minotaur Fighter)         Turns: 2843, Time: 00:01:32

Health: 0/61       AC:  7    Str: 22    XL:     7   Next: 14%
Magic:  6/6        EV:  9    Int:  5    God:
Gold:   218        SH:  5    Dex: 10    Spells: 6/6 levels left

rFire   . . .        a - +1 war axe
rCold   . . .        c - +0 buckler
rNeg    . . .        b - +0 scale mail
rPois   .            (helmet restricted)
rElec   .            (no cloak)
rCorr   .            (no gloves)
SInv    .            (no boots)
Will    .....        (no amulet) Stlth
                     (no ring)
HPRegen 0.30/turn    (no ring)
MPRegen 0.10/turn

%: no passive effects
@: lethally poisoned (0 -> -6)
A: horns 2, retaliatory headbutt
a: no special abilities


You were on level 4 of the Dungeon.
You visited 1 branch of the dungeon, and saw 4 of its levels.

You collected 218 gold pieces.

Inventory:

Hand Weapons
 a - a +1 war axe (weapon)
Missiles
 l - a throwing net (quivered)
Armour
 b - a +0 scale mail (worn)
 c - a +0 buckler (worn)
Scrolls
 e - a scroll of teleportation {@r3}
 g - a scroll of magic mapping {unknown}
 h - a scroll of noise
Potions
 d - a potion of might {@q3}
 f - a potion of heal wounds {unknown}
 i - a potion of curing {unknown}
 k - a potion of berserk rage
 n - 2 potions of flight {unknown}
 o - a potion of ambrosia {unknown}


   Skills:
 + Level 5.5 Fighting
 * Level 6.2 Axes
 + Level 5.4 Armour
 + Level 5.4 Shields


You had 6 spell levels left.
You didn't know any spells.
Your spell library was empty.

Dungeon Overview and Level Annotations

Branches:
Dungeon (4/15)
 Temple: D:4-7

Altars:


Innate Abilities, Weirdness & Mutations

You have a pair of horns on your head.
You reflexively headbutt those who attack you in melee.


Message History

You feel sick.
You are no longer poisoned.
A ball python comes into view.
A ball python is nearby!
A ball python is nearby!
You block the ball python's attack. The ball python grabs you.
The ball python constricts you.
You slash the ball python!
You kill the ball python!
No target in view!
No target in view!
No target in view!
No target in view!
HP restored.
A hound comes into view.
The hound barks!
A hound is nearby!
A hound is nearby!
A hound is nearby!
A scorpion comes into view.
You hit the hound.
The hound is moderately wounded.
The hound bites you but does no damage.
A scorpion comes into view.
The hound bites you but does no damage.
You hit the hound.
The hound is heavily wounded.
The hound bites you. The hound bites you but does no damage.
You slash the hound!
You kill the hound!
You hit the scorpion but do no damage.
The scorpion stings you but does no damage.
The scorpion stings you.
You are poisoned.
The scorpion poisons you!
Your Axes skill increases to level 6!
You have reached level 7!
You closely miss the scorpion.
You feel sick. The scorpion stings you.
You are more poisoned.
The scorpion poisons you!
You hit the scorpion but do no damage. Your headbutt misses the scorpion.
You barely miss the scorpion.
You feel very sick. You block the scorpion's attack. The scorpion stings you.
You are more poisoned.
The scorpion poisons you! The scorpion stings you. x2
You are more poisoned.
The scorpion poisons you!
You barely miss the scorpion. You hit the scorpion but do no damage.
You feel extremely sick. You block the scorpion's attack.
The scorpion stings you.
You slash the scorpion!
The scorpion is heavily wounded.
You closely miss the scorpion.
You feel very sick. The scorpion completely misses you.
You block the scorpion's attack.
The scorpion stings you but does no damage.
The scorpion stings you.
You are lethally poisoned!
The scorpion poisons you!
You are too injured to fight recklessly!
You are too injured to fight recklessly!
You are too injured to fight recklessly!
You are too injured to fight recklessly!
You are too injured to fight recklessly!
You are too injured to fight recklessly!
You are too injured to fight recklessly!
You are too injured to fight recklessly!
You are too injured to fight recklessly!
You are too injured to fight recklessly!
You closely miss the scorpion.
The scorpion is moderately wounded.
You hit the scorpion.
* * * LOW HITPOINT WARNING * * *
You feel extremely sick. The scorpion barely misses you.
The scorpion completely misses you. x2
You closely miss the scorpion.
The scorpion is moderately wounded.
You closely miss the scorpion.
* * * LOW HITPOINT WARNING * * *
You feel very sick. The scorpion closely misses you.
The scorpion barely misses you. You furiously retaliate!
You headbutt the scorpion!
You kill the scorpion!
You block the scorpion's attack.
Your life force feels restored.
You hit the scorpion but do no damage. You headbutt the scorpion.
The scorpion is moderately wounded.
* * * LOW HITPOINT WARNING * * *
You feel very sick. The scorpion closely misses you.
The scorpion stings you but does no damage.
You closely miss the scorpion. You headbutt the scorpion.
The scorpion is heavily wounded.
* * * LOW HITPOINT WARNING * * *
You feel very sick. You block the scorpion's attack.
You completely miss the scorpion. You headbutt the scorpion!
You kill the scorpion!
You die...

#.≈.#. #.≈.#.
.# #.≈.#.# .#
.≈...###.####
≈...........
#..>....... #
#.†...####.
#.@†...... ..
#.....#.##.#.
#............
#....<.......
#.....########
#.............
#.############
#.........
##########


There were no monsters in sight!

Vanquished Creatures
  Grinder (D:3)
  2 scorpions (D:4)
  A hound (D:4)
  An orc priest (D:3)
  A jelly (D:3)
  An orc wizard (D:3)
  A sleepcap (D:3)
  Robin (D:2)
  10 adders
  2 worms (D:2)
  2 dart slugs
  5 orcs (D:3)
  10 bats
  8 endoplasms
  6 giant cockroaches
  14 goblins
  7 hobgoblins
  2 quokkas
  8 ball pythons
  4 frilled lizards
  3 kobolds
  4 rats
94 creatures vanquished.

Notes
Turn   | Place    | Note
-------+----------+-------------------------------------------
     0 | D:1      | EnegeticOcto the Minotaur Fighter began the quest for the
                  | Orb.
     0 | D:1      | Reached XP level 1. HP: 19/19 MP: 0/0
   314 | D:1      | Reached XP level 2. HP: 27/27 MP: 1/1
   400 | D:1      | Reached skill level 3 in Axes
   865 | D:2      | Reached XP level 3. HP: 19/33 MP: 2/2
  1336 | D:2      | Reached XP level 4. HP: 40/40 MP: 3/3
  1363 | D:2      | Noticed Robin
  1376 | D:2      | Reached skill level 4 in Axes
  1397 | D:2      | Killed Robin
  1414 | D:2      | Reached XP level 5. HP: 29/47 MP: 4/4
  1811 | D:3      | Noticed Grinder
  1820 | D:3      | Paralysed by Grinder for 4 turns
  1824 | D:3      | Killed Grinder
  1825 | D:3      | Reached skill level 5 in Fighting
  1825 | D:3      | Reached skill level 5 in Axes
  1825 | D:3      | Reached skill level 5 in Armour
  1825 | D:3      | Reached skill level 5 in Shields
  1825 | D:3      | Reached XP level 6. HP: 26/56 MP: 5/5
  1933 | D:3      | You fall into a shaft and drop 1 floor!
  2835 | D:4      | Reached skill level 6 in Axes
  2835 | D:4      | Reached XP level 7. HP: 52/59 MP: 6/6
  2842 | D:4      | HP: 1/61 [poisoned by a scorpion]
  2843 | D:4      | Succumbed to a scorpion's poison

Illustrated notes

Levels and vault maps discovered:
D:1:      lemuel_arrival_lava_pool, layout_loops_ring, eino_curves_02,
          nrook_campfire
D:2:      minmay_diamond_boxcup, layout_loops_corners, uniq_robin
D:3:      layout_loops_ring, uniq_grinder
D:4:      layout_basic, nicolae_overflow_squiral

Skill      XL: |  1  2  3  4  5  6 |
---------------+-------------------+-----
Axes           | 3 4 5 6 |  6.2
Fighting       | 4 5 |  5.5
Armour         | 4 5 |  5.4
Shields        | 4 5 |  5.4

Action                     |  1- 3 |  4- 6 |  7- 9 || total
---------------------------+-------+-------+-------++-------
  Melee: War axe           |    88 |   126 |     9 ||   223
         Headbutt          |    13 |    21 |     3 ||    37
    Use: Scroll            |       |     7 |       ||     7
 Armour: Scale mail        |    42 |    67 |     2 ||   111
  Dodge: Dodged            |    33 |    64 |     7 ||   104
  Block: Buckler           |    26 |    23 |     5 ||    54
